 Dungeon Crawl Stone Soup version 0.30.2 (webtiles) character file.

Game seed: 14034802864571434349

97 Ashen the Trooper (level 4, 0/46 HPs)
             Began as an Ogre Warper on Jan 19, 2024.
             Killed by divine providence
             ... invoked by an orc priest
              (16 damage)
             ... on level 3 of the Dungeon.
             The game lasted 00:04:22 (1994 turns).

Ashen the Trooper (Ogre Warper)                     Turns: 1994, Time: 00:04:22

Health: 0/46       AC:  3    Str: 15    XL:     4   Next: 68%
Magic:  6/8        EV: 10    Int: 16    God:
Gold:   190        SH:  0    Dex:  8    Spells: 1/9 levels left

rFire   . . .        u - +0 flail
rCold   . . .        (no shield)
rNeg    . . .        b - +0 robe
rPois   +            (helmet restricted)
rElec   .            (no cloak)
rCorr   .            (gloves unavailable)
SInv    .            (boots unavailable)
Will    +....        n - amulet of regeneration
Stlth   +            r - ring of poison resistance
HPRegen 1.07/turn    o - ring of willpower
MPRegen 0.11/turn

%: no passive effects
@: no status effects
A: large, unfitting armour, tough skin 1
a: no special abilities


You were on level 3 of the Dungeon.
You visited 1 branch of the dungeon, and saw 3 of its levels.

You collected 190 gold pieces.

Inventory:

Hand Weapons
 u - a +0 flail (weapon)
Missiles
 d - 7 boomerangs of dispersal (quivered)
 k - 5 boomerangs
Armour
 b - a +0 robe (worn)
Jewellery
 n - an amulet of regeneration (around neck)
 o - a ring of willpower (right hand)
 r - a ring of poison resistance (left hand)
 s - an amulet of reflection
Scrolls
 c - a scroll of blinking
 g - a scroll of vulnerability {unknown}
 i - a scroll of immolation {unknown}
 j - 2 scrolls of identify {unknown}
 l - 2 scrolls of magic mapping {unknown}
 p - a scroll of enchant weapon {unknown}
 t - a scroll of teleportation {unknown}
Potions
 e - a potion of berserk rage {unknown}
 f - a potion of heal wounds {unknown}
 h - a potion of haste {unknown}
 m - 2 potions of curing {unknown}
 q - a potion of might {unknown}


   Skills:
 + Level 3.6 Fighting
 + Level 2.4 Maces & Flails
 - Level 1.2 Throwing
 + Level 2.6 Dodging
 + Level 3.1 Spellcasting
 + Level 3.2 Translocations


You had one spell level left.
You knew the following spells:

 Your Spells              Type           Power      Damage    Failure   Level
a - Blink                 Tloc           24%        N/A       8%          2
b - Teleport Other        Tloc           12%        N/A       14%         3
c - Vhi's Electric Charg  Tloc/Air       14%        N/A       28%         3

Your spell library contained the following spells:

 Spells                   Type           Power      Damage    Failure   Level
 Lesser Beckoning         Tloc           24%        N/A       8%          2
 Volatile Blastmotes      Fire/Tloc      14%        2d11      28%         3
 Manifold Assault         Tloc           12%        N/A       43%         4
 Dazzling Flash           Conj/Hex       4%         N/A       50%         3
 Iskenderun's Mystic Bla  Conj/Tloc      7%         2d4       67%         4
 Starburst                Conj/Fire      1%         6d3       100%        6


Dungeon Overview and Level Annotations

Branches:
Dungeon (3/15)

Altars:
Cheibriados


Innate Abilities, Weirdness & Mutations

You are too large for most types of armour.
You have tough skin. (AC +1)


Message History

The world appears momentarily distorted.
You are magically locked in place.
The orc hits you but does no damage.
You barely miss the orc.
The orc is heavily wounded.
You are no longer locked in place.
The orc barely misses you.
You hit the orc but do no damage.
The orc is heavily wounded.
The orc completely misses you.
The orc hits you with a +2 whip of pain!
You sock the orc!
You kill the orc!
You hit the orc priest but do no damage.
The orc priest is heavily wounded.
The orc priest hits you with a +0 whip.
You barely miss the orc priest.
The orc priest is heavily wounded.
The orc priest invokes the aid of Beogh against you.
Pain shoots through your body!
You hit the orc priest.
The orc priest is almost dead.
The orc priest hits you but does no damage.
The orc priest hits you with a +0 whip.
You completely miss the orc priest.
The orc priest is almost dead.
The orc priest barely misses you.
You barely miss the orc priest.
The orc priest is almost dead.
The orc priest mumbles some strange prayers to Beogh against you.
Pain shoots through your body!
You closely miss the orc priest.
The orc priest is almost dead.
The orc priest casts a cantrip, but nothing happens.
The orc priest hits you with a +0 whip.
Your magical contamination has completely faded away.
You hit the orc priest but do no damage.
The orc priest is almost dead.
The orc priest mumbles some strange prayers to Beogh against you.
Beogh smites you!
You die...

#.# ########.# ##.##
#........#
##...###.#####.o#
#.....# .. #..##
##...###.#.###.o.#
.###.###.####.....###.#
..........###.....###.#
####.###.####.....###.#
#@#............#
#o#.o.......M..#
#......._..o...#
#.#...........##
.............. ..# ##
..o.### ... ##. #..#
#..


You could see an orc priest.

Vanquished Creatures
  An orc wizard (D:3)
  A mummy (D:3)
  2 adders
  A worm (D:2)
  8 orcs (D:3)
  An endoplasm (D:1)
  A giant cockroach (D:1)
  3 goblins
  3 hobgoblins
  3 jackals (D:1)
  A kobold (D:2)
  A ball python (D:1)
  A bat (D:3)
  A frilled lizard (D:2)
  4 rats
32 creatures vanquished.

Notes
Turn   | Place    | Note
-------+----------+-------------------------------------------
     0 | D:1      | Ashen the Ogre Warper began the quest for the Orb.
     0 | D:1      | Reached XP level 1. HP: 22/22 MP: 3/3
   165 | D:1      | Noticed a shining eye
   167 | D:1      | Found a faded altar of an unknown god.
   169 | D:1      | Noticed an eye of devastation
   169 | D:1      | Noticed an eye of devastation
   169 | D:1      | Noticed a floating eye
   366 | D:1      | Reached XP level 2. HP: 9/29 MP: 3/5
  1093 | D:2      | Reached XP level 3. HP: 37/37 MP: 7/7
  1619 | D:3      | Reached XP level 4. HP: 40/45 MP: 8/8
  1639 | D:3      | Learned a level 2 spell: Blink
  1643 | D:3      | Learned a level 3 spell: Teleport Other
  1647 | D:3      | Learned a level 3 spell: Vhi's Electric Charge
  1839 | D:3      | Found a snail-covered altar of Cheibriados.
  1994 | D:3      | Killed from afar by an orc priest

Illustrated notes

Levels and vault maps discovered:
D:1:      pf_arrival_petrified_forest, layout_loops_ring,
          hellmonk_ecumenical_altar_watching_god, minmay_gold_behind_fungi
D:2:      layout_loops_ring, kennysheep_potato
D:3:      layout_loops_corners, slow_altar_1, guppyfry_early_orc_mine

Skill      XL: |  1  2  3 |
---------------+----------+-----
Maces & Flails | 2 |  2.4
Fighting       | 3 |  3.6
Spellcasting   | 3 |  3.1
Translocations | 3 |  3.2
Throwing       | |  1.2
Dodging        | |  2.6

Action                     |  1- 3 |  4- 6 || total
---------------------------+-------+-------++-------
  Melee: Mace              |    74 |    43 ||   117
         Flail             |       |    21 ||    21
 Armour: Robe              |    29 |    14 ||    43
  Dodge: Dodged            |    41 |    22 ||    63
